 Dungeon Crawl Stone Soup version 0.30.0-29-ga12c61a403 (webtiles) character file.

Game seed: 6599386857435370722

142 H0rd4k the Charlatan (level 5, -6/38 HPs)
             Began as a Human Artificer on June 12, 2023.
             Mangled by a sleepcap (16 damage)
             ... on level 4 of the Dungeon.
             The game lasted 00:02:31 (3212 turns).

H0rd4k the Charlatan (Human Artificer)              Turns: 3212, Time: 00:02:32

Health: -6/38      AC:  3    Str: 13    XL:     5   Next: 50%
Magic:  5/5        EV:  2    Int: 13    God:
Gold:   219        SH:  0    Dex: 13    Spells: 4/4 levels left

rFire   . . .        w - +4 hand axe (flame)
rCold   . . .        (no shield)
rNeg    . . .        b - +0 leather armour
rPois   .            (no helmet)
rElec   .            (no cloak)
rCorr   .            (no gloves)
SInv    .            (no boots)
Will    .....        (no amulet)
Stlth   ++           (no ring)
HPRegen 0.26/turn    (no ring)
MPRegen 0.09/turn

%: no passive effects
@: sleeping
A: no striking features
a: no special abilities


You were on level 4 of the Dungeon.
You visited 1 branch of the dungeon, and saw 4 of its levels.

You collected 219 gold pieces.

Inventory:

Hand Weapons
 w - a +4 hand axe of flaming (weapon)
 x - a +1 heavy hand axe
Missiles
 q - 3 poisoned darts
Armour
 b - a +0 leather armour (worn)
Magical Staves
 s - a staff of cold
Jewellery
 g - a ring of resist corrosion
 t - a ring of magical power
Wands
 c - a wand of flame (7) (quivered)
 d - a wand of charming (12)
 e - a wand of iceblast (3)
Scrolls
 a - a scroll of silence {unknown}
 f - 2 scrolls of fear {unknown}
 i - a scroll of vulnerability {unknown}
 j - a scroll of noise {unknown}
 k - 2 scrolls of teleportation {unknown}
 l - 3 scrolls of identify {unknown}
 m - a scroll of torment {unknown}
 o - a scroll of blinking {unknown}
 r - a scroll of fog {unknown}
Potions
 h - a potion of might
 n - a potion of haste {unknown}
 p - a potion of heal wounds {unknown}
 u - a potion of ambrosia {unknown}
 v - a potion of attraction {unknown}


   Skills:
 + Level 1.7 Fighting
 + Level 0.8(1.3) Axes
 - Level 1.6(1.8) Maces & Flails
 - Level 2.0 Armour
 + Level 2.4 Dodging
 + Level 1.7 Stealth
 + Level 4.1 Evocations


You had 4 spell levels left.
You didn't know any spells.
Your spell library contained the following spells:

 Spells                   Type           Power      Damage    Failure   Level
 Static Discharge         Conj/Air       0%         2-2/arc   52%         2
 Airstrike                Air            0%         2d(0-16)  98%         4
 Summon Lightning Spire   Summ/Air       0%         N/A       98%         4


Dungeon Overview and Level Annotations

Branches:
Dungeon (4/15)
 Temple: D:4-7

Altars:
Nemelex Xobeh
Qazlal

Shops:
D:1 *


Message History

You see here 7 stones.
Found 8 stones.
A sleepcap comes into view.
Found 8 gold pieces.
Found 5 stones.
The sleepcap closely misses you.
You hit the sleepcap but do no damage. The sleepcap closely misses you.
You hit the sleepcap but do no damage. The sleepcap releases spores at you.
You are engulfed in a cloud of soporific spores!
You fall asleep.
The sleepcap releases spores at you.
You wake up.
You slash the sleepcap! You burn the sleepcap.
The sleepcap is heavily damaged.
The sleepcap releases spores at you!
You are engulfed in a cloud of soporific spores!
You are unaffected.
The sleepcap barely misses you.
You hit the sleepcap but do no damage.
The sleepcap is moderately damaged.
The sleepcap misses you.
You hit the sleepcap. You burn the sleepcap.
The sleepcap is severely damaged.
The sleepcap releases spores at you.
You hit the sleepcap. You burn the sleepcap.
The sleepcap is severely damaged.
The sleepcap releases spores at you.
You completely miss the sleepcap.
The sleepcap is severely damaged.
The sleepcap releases spores at you but does no damage.
The sleepcap releases spores at you!
You hit the sleepcap but do no damage.
The sleepcap is severely damaged.
The sleepcap misses you.
You hit the sleepcap but do no damage.
The sleepcap is severely damaged.
The sleepcap releases spores at you!
* * * LOW HITPOINT WARNING * * *
You are engulfed in a cloud of soporific spores!
You fall asleep.
The sleepcap releases spores at you!
You die...

#.......(##.#
#####...##### ##
####.##
#.##.....# ##.$
##..###†#.##.....
........#........
..............(..
......[...?......
..[....@.........
......f.##.......
......... .......
##....#####......
...... ......
..(..# ...##
..... .....


You could see a sleepcap.

Vanquished Creatures
  Terence (D:3)
  6 adders
  2 dart slugs (D:2)
  5 orcs (D:3)
  7 ball pythons
  2 bats
  4 endoplasms
  3 goblins
  4 hobgoblins
  2 jackals (D:3)
  4 quokkas
  4 frilled lizards
  4 kobolds
  5 rats
53 creatures vanquished.

Vanquished Creatures (collateral kills)
  A goblin (D:3)
  A rat (D:3)
2 creatures vanquished.

Grand Total: 55 creatures vanquished

Notes
Turn   | Place    | Note
-------+----------+-------------------------------------------
     0 | D:1      | H0rd4k the Human Artificer began the quest for the Orb.
     0 | D:1      | Reached XP level 1. HP: 15/15 MP: 1/1
   282 | D:1      | Reached XP level 2. HP: 18/21 MP: 2/2
   668 | D:1      | Reached XP level 3. HP: 22/26 MP: 3/3
   715 | D:1      | Found Qoxinapi's Assorted Antiques.
  1384 | D:2      | Reached skill level 4 in Evocations
  1452 | D:2      | Reached XP level 4. HP: 32/32 MP: 4/4
  2169 | D:3      | Reached skill level 1 in Maces & Flails
  2246 | D:3      | Found a stormy altar of Qazlal.
  2270 | D:3      | Noticed Terence
  2364 | D:3      | Killed Terence
  2365 | D:3      | Reached XP level 5. HP: 37/37 MP: 5/5
  2413 | D:3      | Found a sparkling altar of Nemelex Xobeh.
  3212 | D:4      | Mangled by a sleepcap

Illustrated notes

Levels and vault maps discovered:
D:1:      minmay_arrival_shattered_statue, layout_loops_ring, serial_shops,
          shop_fountains
D:2:      layout_basic
D:3:      layout_loops_ring, mainiacjoe_overflow_boulevard,
          mainiacjoe_overflow_paths, chequers_serial_rivers_large_b,
          saegor_snake_ambush, uniq_terence
D:4:      layout_rooms, mainiacjoe_overflow_chevrons,
          minmay_temple_entry_enclosed_plants, serial_curves, eino_curves_02,
          eino_curves_04, eino_curves_04, uniq_eustachio, uniq_ijyb

Skill      XL: |  1  2  3  4 |
---------------+-------------+-----
Evocations     | 4 |  4.1
Dodging        | 2 |  2.4
Maces & Flails | 1 |  1.6
Fighting       | |  1.7
Axes           | |  0.8
Armour         | |  2.0
Stealth        | |  1.7

Action                     |  1- 3 |  4- 6 || total
---------------------------+-------+-------++-------
  Melee: Club              |   137 |    44 ||   181
         Hand axe          |       |    48 ||    48
  Evoke: Wand              |     6 |     7 ||    13
   Stab: Sleeping          |       |     3 ||     3
 Armour: Leather armour    |    41 |    12 ||    53
  Dodge: Dodged            |   116 |    60 ||   176
